 Dungeon Crawl Stone Soup version 0.27.1-33-g824d729ab1 (webtiles) character file.

Game seed: 2100621167910851949

2 potato4science the Magician (level 1, 0/12 HPs)
             Began as an Octopode Hedge Wizard on Dec 22, 2021.
             Succumbed to a kobold's poison
             ... on level 1 of the Dungeon.
             The game lasted 00:00:26 (35 turns).

potato4science the Magician (Octopode Hedge Wizard)   Turns: 35, Time: 00:00:27

Health: 0/12       AC:  1    Str:  9    XL:     1   Next: 40%
Magic:  4/4        EV: 13    Int: 16    God:
Gold:   0          SH:  0    Dex: 11    Spells: 5/6 levels left

rFire    . . .     SeeInvis .   a - +0 dagger
rCold    . . .     Faith    .   (no shield)
rNeg     . . .     Spirit   .   b - +0 hat
rPois    .         Reflect  .   (no amulet)
rElec    .         Harm     .   (no ring)
rCorr    .         Rampage  .   (no ring)
Will     .....                  (no ring)
Stlth    +++.......             (no ring)
HPRegen  0.04/turn              (no ring)
MPRegen  0.09/turn              (no ring)
                                (no ring)
                                (no ring)

@: lethally poisoned (0 -> -6)
A: almost no armour, amphibious, 8 rings, camouflage 1, gelatinous body 1,
(nimble swimmer 1), tentacles
a: no special abilities


You were on level 1 of the Dungeon.
You visited 1 branch of the dungeon, and saw 1 of its levels.

Inventory:

Hand Weapons
 a - a +0 dagger (weapon)
Armour
 b - a +0 hat (worn)


   Skills:
 + Level 0.8 Fighting
 - Level 2.0 Dodging
 - Level 2.6 Stealth
 - Level 3.0 Spellcasting
 - Level 1.0 Conjurations
 - Level 1.0 Summonings
 - Level 1.0 Translocations


You had 5 spell levels left.
You knew the following spells:

 Your Spells              Type           Power      Damage    Failure   Level
a - Magic Dart            Conj           20%        1d4       12%         1

Your spell library contained the following spells:

 Spells                   Type           Power      Damage    Failure   Level
 Blink                    Tloc           N/A        N/A       19%         2
 Call Imp                 Summ           5%         N/A       19%         2
 Slow                     Hex            2%         N/A       28%         2
 Conjure Flame            Conj/Fire      4%         6-21      41%         3
 Mephitic Cloud           Conj/Pois/Air  3%         N/A       43%         3


Dungeon Overview and Level Annotations

Branches:
Dungeon (1/15)

Altars:


Innate Abilities, Weirdness & Mutations

You cannot wear most types of armour.
You are amphibious.
You can wear up to eight rings at the same time.
Your skin changes colour to match your surroundings (Stealth+).
Your rubbery body absorbs attacks. (AC +1, EV +1)
((You are camouflaged near water. (Stealth+)))
You have tentacles for arms and can constrict up to eight enemies at once.


Message History

As you open the door, it creaks loudly!
There is an open door here.
Found a scale mail and a scroll labelled LYADEJOEBIS.
A kobold comes into view. It is wielding a +1 dagger of venom.
You see here a +0 scale mail.
A kobold comes into view. It is wielding a +0 club.
The kobold shouts!
The kobold shouts!
A giant cockroach comes into view.
You see here a +0 scale mail.
An endoplasm comes into view.
The kobold hits you with a +0 club.
The endoplasm quivers.
You hit the kobold. Your grab misses the kobold.
Your squeeze misses the kobold.
The kobold is heavily wounded.
The kobold closely misses you.
You barely miss the kobold. You grab the kobold.
The kobold is heavily wounded.
You constrict the kobold, but do no damage.
The kobold misses you.
You release your grip on the kobold.
You hit the kobold but do no damage. You grab the kobold.
You constrict the kobold, but do no damage.
The kobold closely misses you.
You barely miss the kobold. You constrict the kobold.
The kobold hits you with a +1 dagger of venom.
You are lethally poisoned!
You hit the kobold but do no damage. You squeeze the kobold.
You kill the kobold!
* * * LOW HITPOINT WARNING * * *
You feel sick.
You hit the kobold. You grab the kobold.
The kobold is severely wounded.
You constrict the kobold.
You kill the kobold!
* * * LOW HITPOINT WARNING * * *
You feel sick.
You hit the endoplasm but do no damage.
You die...

###'###
#####.....#####
#...#.....#...#
#.<.'..8..+.8.#
#...#.....#...#
#####.....#####
#+###'#
###.###.####
........@J.#######
####.#####B?......
# #...###.# #J.##
##B# ... .#..#
.##... .. ##.#


You could see an endoplasm and a giant cockroach.

Vanquished Creatures
  2 kobolds (D:1)
2 creatures vanquished.

Notes
Turn   | Place    | Note
-------+----------+-------------------------------------------
     0 | D:1      | potato4science the Octopode Hedge Wizard began the quest
                  | for the Orb.
     0 | D:1      | Reached XP level 1. HP: 11/11 MP: 4/4
    35 | D:1      | Succumbed to a kobold's poison

Illustrated notes

Levels and vault maps discovered:
D:1:      minmay_arrival_stair_chambers, layout_loops_ring, minmay_box_of_dots

Action                   || total
-------------------------++-------
Melee: Dagger            ||     7
       Constrict         ||     3
       Tentacles         ||     1
Dodge: Dodged            ||     3
